Map: Thunderbird LE

Players

PtitDrogo

  • Race: Protoss Protoss
  • Spawn Location: 5:00

Neeb - Winner!

  • Race: Protoss Protoss
  • Spawn Location: 11:00

Event: 2019 WCS Summer

VOD

Have the link to the VOD?

Description

Time

  • Played on: July 13, 2019, 3:10 p.m.
  • Length: 8:50

All games in this series

Show
View Real Time Build Order
Export as new Build Order

PtitDrogo Protoss 

Build Orders: Zealot Archon 

Get SALT Encoding   

  12  0:00  Probe  
  13  0:12  Probe  
  14  0:17  Pylon  
  14  0:24  Probe  
  15  0:33  Probe  
  15  0:35  Gateway  
  15  0:41  Probe  
  16  0:46  Assimilator  
  17  0:51  Probe  
  17  0:54  Assimilator  
  18  1:01  Probe  
  19  1:07  Gateway  
  19  1:09  Probe  
  19  1:17  Probe  
  20  1:23  Cybernetics Core  
  21  1:29  Probe  
  22  1:35  Pylon  
  22  1:41  Probe  
  23  1:55  Probe  
  23  1:57  Warp Gate  
  23  2:00  Stalker  
  23  2:01  Sentry  
  28  2:08  Probe  
  29  2:12  Pylon  
  29  2:20  Probe  
  30  2:24  Pylon  
  30  2:30  Stalker x2  
  34  2:51  Nexus  
  34  2:57  Probe  
  37  3:06  Sentry x2  
  37  3:07  Pylon  
  39  3:22  Forge  
  39  3:25  Probe  
  38  3:30  Twilight Council  
  38  3:36  Probe  
  39  3:44  Probe  
  40  3:52  Probe  
  40  3:54  Stalker  
  42  3:56  Stalker  
  45  4:03  Probe  
  45  4:04  Probe  
  45  4:05  Shield Battery  
  47  4:12  Probe  
  47  4:14  Protoss Ground Weapons Level 1  
  47  4:15  Probe  
  49  4:22  Probe  
  49  4:24  Pylon  
  49  4:28  Charge, Probe  
  51  4:33  Probe  
  51  4:38  Assimilator  
  51  4:40  Assimilator  
  51  4:42  Probe  
  51  4:44  Probe, Robotics Facility  
  52  4:48  Stalker  
  52  4:50  Probe  
  55  4:55  Shield Battery  
  56  5:01  Probe x2  
  57  5:08  Stalker  
  57  5:12  Probe  
  53  5:14  Probe  
  53  5:20  Probe  
  49  5:22  Probe  
  51  5:28  Probe  
  51  5:31  Probe, Warp Prism  
  51  5:34  Templar Archives  
  55  5:40  Probe  
  56  5:44  Probe  
  56  5:46  Gateway  
  57  5:55  Gateway  
  57  5:57  Probe x2  
  59  6:12  Gateway  
  59  6:13  Gateway  
  59  6:16  Gateway  
  59  6:22  Gateway  
  59  6:29  Pylon  
  59  6:43  High Templar x3  
  59  6:45  Pylon  
  65  6:48  High Templar  
  65  6:49  Archon  
  65  6:54  Archon, Pylon  
  67  6:58  Nexus  
  67  7:18  High Templar x4  
  67  7:19  Zealot x3  
  67  7:21  Zealot  
  83  7:23  Archon  
  83  7:24  Archon  
  77  7:46  Probe  
  77  7:47  Zealot x4  
  77  7:49  Probe  
  69  7:53  High Templar  
  69  7:55  Zealot, High Templar  
  69  7:58  Probe  
  64  7:59  Archon  
  61  8:10  Probe  
Show
View Real Time Build Order
Export as new Build Order

Neeb Protoss - Winner!

Build Orders: Oracle Opening, Zealot Archon 

Get SALT Encoding   

  12  0:00  Probe  
  13  0:12  Probe  
  14  0:17  Pylon  
  14  0:23  Probe  
  15  0:31  Probe  
  16  0:38  Gateway  
  16  0:39  Probe  
  16  0:46  Assimilator  
  17  0:51  Probe  
  17  0:54  Assimilator  
  18  0:59  Probe  
  19  1:07  Probe  
  19  1:09  Gateway  
  19  1:17  Probe  
  20  1:24  Cybernetics Core  
  21  1:30  Probe  
  22  1:36  Pylon  
  22  1:42  Probe  
  23  1:55  Probe  
  23  2:01  Stalker, Sentry, Warp Gate  
  28  2:07  Probe  
  29  2:13  Pylon  
  29  2:27  Stalker  
  31  2:31  Stalker  
  33  2:50  Nexus  
  33  2:59  Stargate  
  33  3:02  Probe  
  34  3:14  Probe  
  34  3:16  Shield Battery  
  35  3:20  Pylon  
  35  3:25  Probe  
  36  3:30  Oracle  
  36  3:33  Probe  
  36  3:41  Probe  
  37  3:47  Forge  
  41  3:49  Sentry  
  41  3:52  Probe  
  44  3:59  Oracle  
  44  4:03  Probe  
  44  4:04  Probe  
  49  4:15  Adept  
  49  4:16  Probe, Adept  
  53  4:18  Probe  
  55  4:25  Probe  
  55  4:29  Pylon  
  55  4:30  Probe  
  57  4:35  Probe  
  58  4:40  Protoss Ground Weapons Level 1  
  58  4:42  Assimilator, Probe  
  58  4:44  Assimilator  
  59  4:47  Probe  
  59  4:51  Robotics Facility  
  60  4:54  Probe  
  60  4:59  Probe  
  62  5:06  Probe  
  63  5:11  Probe  
  64  5:19  Probe  
  63  5:25  Twilight Council  
  63  5:27  Gateway  
  62  5:30  Gateway  
  62  5:31  Probe  
  62  5:32  Gateway  
  62  5:34  Gateway x2  
  62  5:36  Gateway  
  62  5:40  Observer  
  62  5:41  Zealot  
  62  5:42  Zealot  
  67  5:47  Pylon  
  67  5:52  Charge  
  67  6:03  Warp Prism  
  69  6:04  Templar Archives  
  69  6:15  Nexus  
  69  6:19  Pylon  
  69  6:27  Zealot x3  
  69  6:30  Pylon  
  75  6:44  High Templar x2  
  79  6:49  Archon  
  79  6:53  Zealot x4  
  87  7:02  Zealot x2  
  87  7:06  Pylon  
  87  7:07  Pylon  
  91  7:22  High Templar  
  93  7:24  High Templar  
  93  7:26  Zealot x5  
  93  7:27  Zealot  
  93  7:28  Archon  
  102  7:48  High Templar x2  
  105  7:55  Archon  
  105  7:56  Zealot  
  83  8:45  Zealot x5  
Tags
 
Add a new tag
Caveats
  • Supply blocks, unpowered buildings, or Contaminate may cause inaccurate times.
  • Supply counts are checked every 10 seconds.